 Dungeon Crawl Stone Soup version 0.31-a0-455-g1a7b003ef0 (console) character file.

Game seed: 16310486192232908070

12258 petzl the Covert (level 12, 0/83 (88) HPs)
             Began as a Formicid Delver on Aug 3, 2023.
             Was a Follower of Vehumet.
             Slain by a white ugly thing (23 damage)
             ... on level 11 of the Dungeon on Aug 5, 2023.
             The game lasted 01:39:03 (14124 turns).

petzl the Covert (Formicid Delver)                 Turns: 14124, Time: 01:39:03

HP:   0/83 (88)     AC: 11    Str: 15    XL:     12   Next: 18%
MP:   0/22          EV: 10    Int: 23    God:    Vehumet [*.....]
Gold: 917           SH: 15    Dex: 22    Spells: 2/24 levels left

rFire   + . .        a - +12 rapier {venom, *Rage rF+ Int+3}
rCold   . . .        n - +0 buckler
rNeg    . . .        F - +0 scale mail
rPois   +            (helmet unavailable)
rElec   .            K - scarf {+Inv}
rCorr   .            G - +2 pair of gloves of the Moon {rPois Str-3 Dex+9 Stlth+}
SInv    +            U - +0 pair of boots {Stlth+}
Will    +....        h - brooch of Shielding {Spirit SH+8}
Stlth   +++++        v - ring of flight
HPRegen 0.33/turn    Q - +6 ring of intelligence
MPRegen 0.18/turn

%: guardian spirit
@: flying, drained
A: permanent stasis, dig shafts and tunnels, antennae 3, four strong arms,
talons 1, clumsy 1, MP-powered wands
a: Dig, Shaft Self, Renounce Religion, Evoke Invisibility


You were on level 11 of the Dungeon.
You worshipped Vehumet.
Vehumet was aware of your devotion.
You visited 2 branches of the dungeon, and saw 12 of its levels.
You also visited: Ossuary, Bailey and Gauntlet.

You collected 917 gold pieces.

Inventory:

Hand Weapons
 a - the +12 rapier of Omunukle (weapon) {venom, *Rage rF+ Int+3}
   (You found it on level 9 of the Dungeon)

   Int:       It affects your intelligence (+3).
   rF:        It protects you from fire.
   *Rage:     It berserks you when you make melee attacks (+20% chance).
 b - a +0 shortbow
 c - a +2 whip of electrocution
 d - the +9 rapier of the Common Good {heavy, *Noise Fly rC+ Str+6}
   (You took it off a deep elf pyromancer on level 7 of the Dungeon)

   Str:       It affects your strength (+6).
   rC:        It protects you from cold.
   Fly:       It grants you flight.
   *Noise:    It may make noises in combat.
 z - a +0 dagger of flaming {!f =f}
 E - a +4 quarterstaff of chaos
 N - a +0 orcbow
 Y - the +7 dagger of Gloom {flame, rF+, !f =f}
   (You found it in a Gauntlet)

   rF:        It protects you from fire.
Missiles
 x - a poisoned dart
 A - 2 silver javelins
 H - a throwing net
Armour
 i - a +0 cloak
 n - a +0 buckler (worn)
 F - a +0 scale mail (worn)
 G - the +2 pair of gloves of the Moon (worn) {rPois Str-3 Dex+9 Stlth+}
   (You acquired it on level 3 of the Dungeon)

   Str:       It affects your strength (-3).
   Dex:       It affects your dexterity (+9).
   rPois:     It protects you from poison.
   Stlth:     It makes you more stealthy.
 K - a scarf of invisibility (worn)
 U - a +0 pair of boots of stealth (worn)
Jewellery
 h - the brooch of Shielding (around neck) {Spirit SH+8}
   (You took it off an orc warrior in a bailey)

   [amulet of guardian spirit]

   It causes incoming damage to be divided between your reserves of health and
   magic.
   SH:        It affects your SH (+8).
 v - a ring of flight (left hand)
 y - a ring of resist corrosion
 D - a ring of protection from fire
 J - a ring of fire
 Q - a +6 ring of intelligence (right hand)
 X - a ring of wizardry
Wands
 f - a wand of digging (10)
 t - a wand of flame (17)
 M - a wand of iceblast (15)
 O - a wand of charming (18)
 W - a wand of mindburst (5)
Scrolls
 e - 6 scrolls of fear
 j - 2 scrolls of enchant armour
 p - a scroll of identify
 q - a scroll of poison
 u - 2 scrolls of immolation
 B - 3 scrolls of fog
 C - a scroll of amnesia
 P - 5 scrolls of revelation
 V - a scroll of vulnerability
 Z - a scroll of blinking {unknown}
Potions
 g - a potion of brilliance
 k - a potion of cancellation {unknown}
 l - a potion of ambrosia {unknown}
 m - 3 potions of curing
 o - a potion of resistance
 r - a potion of lignification
 s - a potion of berserk rage {unknown}
 w - a potion of invisibility {unknown}
 I - a potion of magic
 L - a potion of enlightenment {unknown}
Miscellaneous
 S - a lightning rod (4/4)
 T - a box of beasts


   Skills:
 - Level 6.0 Fighting
 - Level 3.0 Short Blades
 - Level 2.0 Maces & Flails
 - Level 5.0 Ranged Weapons
 - Level 3.0 Armour
 - Level 3.0 Dodging
 - Level 9.0 Stealth
 - Level 8.0 Shields
 + Level 6.7 Spellcasting
 - Level 5.3 Conjurations
 - Level 6.1 Fire Magic
 - Level 4.6 Ice Magic
 - Level 5.8 Air Magic
 - Level 4.3 Evocations


You had 2 spell levels left.
You knew the following spells:

 Your Spells              Type           Power      Damage    Failure   Level
a - Apportation           Tloc           14%        N/A       36%         1
c - Plasma Beam           Fire/Air       17%        2x1d29    99%         6
l - Freezing Cloud        Conj/Ice/Air   15%        6-21      75%         5
o - Orb of Destruction    Conj           16%        9d7       100%        7
I - Ignite Poison         Fire/Tmut/Pois 17%        N/A       43%         3

Your spell library contained the following spells:

 Spells                   Type           Power      Damage    Failure   Level
 Freeze                   Ice            100%       1d10      5%          1
 Cigotuvi's Dreadful Rot  Necr/Pois/Air  32%        N/A       26%         2
 Necrotise                Necr           28%        1d5       36%         1
 Summon Small Mammal      Summ           28%        N/A       36%         1
 Wereblood                Tmut           7%         N/A       50%         2
 Stone Arrow              Conj/Erth      40%        3d9       36%         3
 Arcjolt                  Conj/Air       16%        1d26      71%         5
 Call Canine Familiar     Summ           7%         N/A       73%         3
 Portal Projectile        Hex/Tloc       14%        N/A       73%         3
 Summon Guardian Golem    Hex/Summ       7%         N/A       73%         3
 Anguish                  Hex/Necr       3%         N/A       98%         4
 Leda's Liquefaction      Hex/Erth       3%         N/A       98%         4
 Irradiate                Conj/Tmut      10%        3d15      98%         5
 Spellforged Servitor     Conj/Summ      10%        N/A       100%        7
 Vhi's Electric Charge    Tloc/Air       Unusable   N/A       N/A         3

Dungeon Overview and Level Annotations

Branches:
Dungeon (11/15)            Temple (1/1) D:4            Lair (0/5) D:9
Ossuary (visited)          Bailey (visited)         Gauntlet (visited)
    Orc: D:9-12

Altars:
Ashenzari
Cheibriados
Dithmenos
Elyvilon
Fedhas
Gozag
Hepliaklqana
Kikubaaqudgha
Makhleb
Nemelex Xobeh
Okawaru
Qazlal
Ru
Trog
Uskayaw
Vehumet
Wu Jian
Xom
Yredelemnul
Zin
The Shining One

Annotations:
D:1 2 runed translucent doors
D:7 exclusion: downstairs
D:8 exclusion: door
D:9 exclusions: upstairs and wyvern


Innate Abilities, Weirdness & Mutations

You cannot be hasted, slowed, berserked, paralysed or teleported.
You can dig through walls and to a lower floor.
You have a pair of large antennae on your head. (SInv)
Your four strong arms can wield two-handed weapons with a shield.
You have sharp toenails.
You are clumsy. (Dex -2)
You expend magic power (3 MP) to strengthen your wands.


Message History

You puncture the troll!
The troll looks as sick as possible!
The troll is heavily wounded.
You block the troll's attack. x2; The troll misses you.
You puncture the troll!
The troll looks as sick as possible!
The troll is almost dead.
The troll closely misses you.
The troll claws you but does no damage. x2
The troll bites you! The troll claws you but does no damage.
You block the troll's attack.
You hit the troll.
You kill the troll!
Vehumet accepts your kill.
You feel your power returning.
You puncture the white ugly thing!
The white ugly thing is poisoned.
The white ugly thing is lightly wounded.
The white ugly thing headbutts you. The white ugly thing freezes you!!
You puncture the white ugly thing!
The white ugly thing looks as sick as possible!
The white ugly thing is moderately wounded.
The white ugly thing headbutts you but does no damage.
You closely miss the white ugly thing.
The white ugly thing is moderately wounded.
The white ugly thing headbutts you but does no damage.
You closely miss the white ugly thing.
The white ugly thing is moderately wounded.
You block the white ugly thing's attack.
You hit the white ugly thing.
The white ugly thing looks as sick as possible!
The white ugly thing is moderately wounded.
The white ugly thing headbutts you! The white ugly thing freezes you!
You puncture the white ugly thing!
The white ugly thing looks as sick as possible!
The white ugly thing is heavily wounded.
The white ugly thing headbutts you but does no damage.
The white ugly thing headbutts you! The white ugly thing freezes you!!
* * * LOW HITPOINT WARNING * * *
Okay, then.
You feel much better. The white ugly thing headbutts you!
* * * LOW HITPOINT WARNING * * *
The white ugly thing freezes you!!
You die...

*,,,,* ***,* ****,* *,* *,* *,* *,*
******* *,* *,* *,,,,,* *,* *,*
*,,,,,*******,****
*****,****,,,,,*,,,,,,,,,,*
*,,,,,,,**,,,,,*,***,*,**,*
*,***,*,**,,,,,*,***,*,**,*
*,***,*,*,,,,,,,,**,,,,**,*
*,**,,*,*,**,**,,**,,*,**,*
*,**,**,*,**,**,,**,,*,**,*
*,**,**,*,**,,,..,,,,,,,,,* *
****,,,,,,.#,*****.#**,*******
***,,,***,,,...#####.# *,****************
**,***,******........***,,,,,,,**,,,,,,,*
*,** **,* #.#.#....,,,,,****,**,*****,*
,,* *,* *.....#.####..#***,**,**,**,*
*,** **,* **#.#...@u....#*,,,,,,,,,,,,,
**.###.*### #.#.#.#####(#*,*,**,**,**,*
**#...,,..# #.#.#.# *,**,*,**,*****,* *
#..#**#.# #....<# *,,,,,,**,,,,,,,*
###..####.# ##...## *,,,,,,*,********
.##....##.# #...# *{**,*,,,,*******
.##.##.##.######...#####*,#*,*,,,,,,,,,,*
.......##.##.........).##.#,,,,,,,,,,,,,*
....?......................,,*,,,,,,,,,,*
.#.....#####...........##.##.#,,,,*,,,,,*
.###.#.# ###.#...#.####.....,*,**,,,,,*
....##.# #.#..........##.####********
###....# #.#.....####.......# # #.####
#.#.....####.##.##.# # #.########
#.##......##.##.##.# ##### # #....,,$.#
#.......#.##.##.##.####...## # #).#***#.#
######.##.##......)..##..... ###..# *.###
#..............#.##...## .....#
*...#####.###.#..##..#.#.###.##


You could see a white ugly thing (extremely poisoned).

Vanquished Creatures
  A minotaur (Gauntlet)
  A boulder beetle (D:8)
  A deep elf pyromancer (D:7)
  A cyclops (D:7)
  A gargoyle (D:11)
  An unseen horror (D:7)
  A troll (D:11)
  A slime creature (D:7)
  A spectral black mamba (Gauntlet)
  2 shadows (D:11)
  A wraith (D:10)
  20 yaks
  A wyvern (D:9)
  3 vampire mosquitoes
  2 steam dragons
  4 water moccasins
  8 orc warriors
  2 sky beasts
  3 black bears
  13 centaurs
  A phantom (D:4)
  An ogre (D:6)
  A bullfrog (D:7)
  2 gnoll sergeants (D:9)
  2 scorpions
  4 wights
  11 killer bees
  5 howler monkeys
  6 hounds
  A gnoll bouda (D:8)
  2 orc priests (D:2)
  2 jellies (D:7)
  Crazy Yiuf (D:5)
  An iguana (D:6)
  A scorpion zombie (D:3)
  A sleepcap (D:5)
  Natasha (thrice) (D:2)
  4 orc wizards
  3 mummies
  Robin (D:2)
  10 adders
  9 gnolls
  A white imp (D:5)
  6 adder zombies
  An adder skeleton (D:3)
  A worm (D:3)
  26 orcs
  11 ball pythons
  7 endoplasms
  5 giant cockroaches
  20 goblins
  10 hobgoblins
  2 jackals (D:4)
  6 kobolds
  5 quokkas
  2 ball python skeletons (D:3)
  6 bats
  3 frilled lizards
  2 gnoll zombies (Ossuary)
  5 hobgoblin zombies (Ossuary)
  A jackal zombie (D:3)
  6 kobold zombies (Ossuary)
  4 orc zombies (Ossuary)
  3 rats
273 creatures vanquished.

Vanquished Creatures (collateral kills)
  A killer bee (D:8)
  2 orcs (D:8)
3 creatures vanquished.

Vanquished Creatures (others)
  A killer bee (D:8)
  A gnoll (D:9)
2 creatures vanquished.

Grand Total: 278 creatures vanquished

Notes
Turn   | Place    | Note
-------+----------+-------------------------------------------
     0 | D:5      | petzl the Formicid Delver began the quest for the Orb.
     0 | D:5      | Reached XP level 1. HP: 18/18 MP: 1/1
    42 | D:6      | Found a radiant altar of Vehumet.
    43 | D:6      | Found a basalt altar of Yredelemnul.
    43 | D:6      | Noticed a centaur
    72 | D:6      | Found a sand-covered staircase.
   136 | Ossuary  | Entered an ossuary
   187 | Ossuary  | Reached skill level 1 in Spellcasting
   187 | Ossuary  | Reached XP level 2. HP: 21/24 MP: 2/4
   352 | Ossuary  | Reached XP level 3. HP: 29/29 MP: 5/5
   475 | Ossuary  | Reached skill level 1 in Armour
   933 | Ossuary  | Reached XP level 4. HP: 36/36 MP: 6/6
  1004 | D:6      | Reached skill level 1 in Shields
  1313 | D:2      | Noticed a shining eye
  1383 | D:1      | Reached XP level 5. HP: 42/42 MP: 8/8
  1542 | D:1      | Found a large runed translucent door.
  1542 | D:1      | Found a large runed translucent door.
  1619 | D:1      | Noticed a troll
  2370 | D:2      | Found a blossoming altar of Fedhas.
  2381 | D:2      | Noticed Robin
  2407 | D:2      | Killed Robin
  2519 | D:2      | You fall into a shaft and drop 1 floor!
  2660 | D:2      | Reached XP level 6. HP: 45/48 MP: 9/9
  2873 | D:2      | Noticed an eye of devastation
  2875 | D:2      | Found a faded altar of an unknown god.
  2876 | D:2      | Noticed an eye of devastation
  2876 | D:2      | Noticed an eye of devastation
  3386 | D:2      | Noticed Natasha
  3394 | D:2      | Killed Natasha
  3496 | D:2      | Noticed Natasha
  3508 | D:2      | Killed Natasha
  3619 | D:3      | Reached XP level 7. HP: 48/55 MP: 11/11
  4272 | D:2      | Noticed Natasha
  4282 | D:2      | Killed Natasha
  4283 | D:2      | Reached skill level 7 in Stealth
  4850 | D:4      | Learned a level 6 spell: Plasma Beam
  4870 | D:4      | Reached skill level 1 in Ranged Weapons
  5216 | D:4      | Found a staircase to the Ecumenical Temple.
  5225 | Temple   | Entered the Ecumenical Temple
  5511 | D:5      | You are sucked into a shaft and drop 3 floors!
  5748 | D:8      | Reached XP level 8. HP: 56/61 MP: 12/12
  6356 | D:7      | Reached skill level 1 in Fire Magic
  6360 | D:7      | Reached skill level 1 in Evocations
  6362 | D:7      | Identified the +9 rapier of the Common Good {heavy, *Noise
                  | Fly rC+ Str+6}
  6362 | D:7      | Noticed a deep elf pyromancer
  6365 | D:7      | You are sucked into a shaft and drop 2 floors!
  6461 | D:8      | Reached skill level 1 in Air Magic
  6588 | D:8      | Reached skill level 5 in Fighting
  6793 | D:9      | Noticed a wyvern
  6855 | D:9      | Found a flagged portal.
  6872 | Bailey   | Entered a bailey
  6894 | Bailey   | Reached skill level 5 in Shields
  7442 | Bailey   | Reached XP level 9. HP: 45/68 MP: 14/14
  7450 | Bailey   | Learned a level 7 spell: Orb of Destruction
  7810 | Bailey   | Reached skill level 8 in Stealth
  8270 | D:9      | Found a shadowy altar of Dithmenos.
  8274 | D:9      | Identified the +12 rapier of Omunukle {venom, *Rage rF+
                  | Int+3}
  8485 | D:8      | Noticed a raiju
  8618 | D:8      | Found an opulent altar of Gozag.
  8923 | D:9      | Reached skill level 1 in Short Blades
  8923 | D:9      | Reached skill level 1 in Conjurations
  8982 | D:8      | Noticed a rime drake
  9042 | D:7      | Noticed a cyclops
  9051 | D:7      | You are sucked into a shaft and drop 3 floors!
  9051 | D:10     | Entered Level 10 of the Dungeon
  9112 | D:10     | Reached XP level 10. HP: 74/74 MP: 15/17
  9311 | D:10     | Reached skill level 5 in Spellcasting
  9318 | D:10     | Reached skill level 5 in Ranged Weapons
  9538 | D:8      | Noticed a boulder beetle
  9655 | D:6      | Found an iron altar of Okawaru.
  9745 | D:6      | Found a bloodstained altar of Trog.
  9999 | D:5      | Reached skill level 5 in Fire Magic
 10278 | D:3      | Identified a scroll of acquirement
 10279 | D:3      | Acquired the +2 pair of gloves of the Moon {rPois Str-3
                  | Dex+9 Stlth+}
 10687 | D:5      | Found a runed translucent door.
 10689 | D:5      | Noticed Crazy Yiuf
 10697 | D:5      | Killed Crazy Yiuf
 10791 | D:5      | Found a snail-covered altar of Cheibriados.
 10791 | D:5      | Found a stormy altar of Qazlal.
 11165 | D:7      | Reached skill level 9 in Stealth
 11275 | D:6      | Found a sacrificial altar of Ru.
 11321 | D:6      | Found a glowing silver altar of Zin.
 11328 | D:6      | Became a worshipper of Vehumet
 11473 | D:7      | Reached XP level 11. HP: 79/80 MP: 19/19
 11548 | D:7      | Found a glowing golden altar of the Shining One.
 11797 | D:7      | Learned a level 5 spell: Freezing Cloud
 11801 | D:7      | Learned a level 3 spell: Ignite Poison
 11816 | D:7      | Killed a deep elf pyromancer
 11817 | D:7      | Reached skill level 1 in Ice Magic
 12018 | D:7      | Killed a cyclops
 12019 | D:7      | Reached skill level 5 in Air Magic
 12466 | D:8      | Noticed a deep elf pyromancer
 12593 | D:8      | Noticed a boulder beetle
 12624 | D:8      | Killed a boulder beetle
 12716 | D:9      | Found a broken altar of Ashenzari.
 12728 | D:9      | Reached * piety under Vehumet
 12728 | D:9      | Offered knowledge of Freeze by Vehumet.
 12825 | D:9      | Found a hazy altar of Hepliaklqana.
 13331 | D:11     | Found a gate leading to a gauntlet.
 13338 | D:11     | Learned a level 1 spell: Apportation
 13427 | D:11     | Reached XP level 12. HP: 83/88 MP: 21/21
 13492 | D:11     | Reached skill level 5 in Conjurations
 13522 | Gauntlet | Entered a Gauntlet
 13522 | Gauntlet | Found a transporter.
 13525 | Gauntlet | Found a transporter.
 13525 | Gauntlet | Noticed a death scarab
 13530 | Gauntlet | Found a transporter.
 13537 | Gauntlet | Found a transporter.
 13541 | Gauntlet | Found a transporter.
 13546 | Gauntlet | Found a transporter.
 13553 | Gauntlet | Found a transporter.
 13557 | Gauntlet | Found a transporter.
 13562 | Gauntlet | Found a transporter.
 13573 | Gauntlet | Found a transporter.
 13574 | Gauntlet | Found a transporter.
 13579 | Gauntlet | Found a transporter.
 13583 | Gauntlet | Noticed a death drake
 13586 | Gauntlet | Found a transporter.
 13655 | Gauntlet | Found a transporter.
 13900 | Gauntlet | Gained mutation: Potions are less effective at restoring
                  | your health. [potion of mutation]
 13900 | Gauntlet | Gained mutation: You have hidden genetic potential. [potion
                  | of mutation]
 13900 | Gauntlet | Gained mutation: Your natural rate of healing is unusually
                  | fast. [potion of mutation]
 13901 | Gauntlet | Lost mutation: Potions are less effective at restoring your
                  | health. [potion of mutation]
 13901 | Gauntlet | Lost mutation: Your natural rate of healing is unusually
                  | fast. [potion of mutation]
 13901 | Gauntlet | Lost mutation: You have hidden genetic potential. [potion
                  | of mutation]
 13901 | Gauntlet | Gained mutation: You have sharp toenails. [potion of
                  | mutation]
 13901 | Gauntlet | Gained mutation: You expend magic power (3 MP) to
                  | strengthen your wands. [potion of mutation]
 13901 | Gauntlet | Gained mutation: You are clumsy. (Dex -2) [potion of
                  | mutation]
 13906 | Gauntlet | Noticed a minotaur
 13923 | Gauntlet | Killed a minotaur
 13967 | Gauntlet | Identified the +7 dagger of Gloom {flame, rF+}
 13968 | Gauntlet | Got the Elucidation of Vehement Anathema
 14124 | D:11     | Slain by a white ugly thing

Illustrated notes

Levels and vault maps discovered:
D:1:      erik_arrival_cave_to_civilisation [erik_arrival_cave_to_temple],
          layout_loops_ring
D:2:      cheibrodos_pilgrimage, layout_basic,
          hellmonk_ecumenical_altar_watching_god, basic_altar, uniq_natasha,
          uniq_robin
D:3:      layout_basic, serial_undead, serial_undead_b, serial_undead_b,
          serial_undead_c, serial_undead_c
D:4:      layout_gridville, minmay_temple_entry_poolview
D:5:      layout_cave_pools, gammafunk_temple_overflow_elements, moated_statue,
          minivault_25, kennysheep_generic_room_5, uniq_crazy_yiuf_cottage
D:6:      hellmonk_ruined_rings, layout_basic, nicolae_ru_the_path_less_chosen,
          mainiacjoe_overflow_surrounded_room,
          nicolae_overflow_macrodata_refinement, gup_ossuary_entry_pyramid,
          nrook_pool_corridor
D:7:      minmay_the_grid_triangle_9x9_rhombus_thin
          [minmay_the_grid_triangle_9x9_flanged_cone,
          minmay_the_grid_triangle_9x9_prize_schism,
          minmay_the_grid_triangle_9x9_descending_squares,
          minmay_the_grid_triangle_9x9_minimal], layout_rooms, tso_oasis_becter,
          centaur_isle
D:8:      layout_basic, mainiacjoe_overflow_tiny_flanked,
          dilly_guarded_unrand_elemental_staff
D:9:      layout_cave_pods, cheibrodos_ashenzari_chains, lemuel_tele_altar,
          grunt_dithmenos_smoke, minmay_lair_entry_grove, enter_bailey_5
D:10:     layout_cave_pools, kennysheep_little_box
D:11:     layout_loops_cross, gauntlet_entry_generic, minmay_statues_item
Temple:   nicolae_temple_ecumenical_triangle

Skill      XL: |  1  2  3  4  5  6  7  8  9 10 11 12 |
---------------+-------------------------------------+-----
Spellcasting   | 1 2 3 4 5 6 |  6.7
Dodging        | 2 3 |  3.0
Armour         | 1 2 3 |  3.0
Shields        | 1 2 3 4 5 6 7 8 |  8.0
Fighting       | 4 5 6 |  6.0
Stealth        | 7 8 9 |  9.0
Ranged Weapons | 1 3 4 5 |  5.0
Fire Magic     | 2 3 5 6 |  6.1
Evocations     | 2 3 4 |  4.3
Air Magic      | 1 3 4 5 |  5.8
Short Blades   | 1 3 |  3.0
Conjurations   | 1 2 4 5 |  5.3
Ice Magic      | 4 |  4.6
Maces & Flails | |  2.0

Action                     |  1- 3 |  4- 6 |  7- 9 | 10-12 || total
---------------------------+-------+-------+-------+-------++-------
  Melee: Mace              |   101 |   155 |   159 |       ||   415
         Punch             |     1 |       |       |       ||     1
         Whip              |       |    48 |     2 |       ||    50
         Rapier            |       |       |    61 |   287 ||   348
   Fire: Shortbow          |       |       |   156 |   151 ||   307
  Throw: Stone             |     4 |       |       |       ||     4
         Dart              |       |       |     5 |       ||     5
         Throwing net      |       |       |       |     2 ||     2
Ability: Dig               |       |     1 |     5 |     7 ||    13
         Shaft Self        |       |     1 |     3 |       ||     4
         Evoke Invisibilit |       |       |       |     1 ||     1
  Evoke: Wand              |       |       |    16 |     2 ||    18
         Lightning rod     |       |       |       |     2 ||     2
    Use: Potion            |       |     1 |     2 |     7 ||    10
         Scroll            |       |       |    14 |     6 ||    20
   Stab: Sleeping          |     5 |    13 |     3 |     4 ||    25
         Distracted        |       |       |       |     1 ||     1
         Held in net/web   |       |       |       |     1 ||     1
 Armour: Leather armour    |    18 |    47 |    46 |       ||   111
         Scale mail        |       |       |    29 |    91 ||   120
         Skin              |       |       |       |     3 ||     3
  Dodge: Dodged            |    55 |   107 |   127 |    98 ||   387
  Block: Buckler           |     2 |    39 |    90 |   226 ||   357

Table legend: (Time is in decaauts)
 A = Elapsed time spent in this place.
 B = Non-inter-level travel time spent in this place.
 C = Inter-level travel time spent in this place.
 D = Time resting spent in this place.
 E = Time spent auto-exploring this place.
 F = Levels seen in this place.
 G = Mean time per level.
                   A        B        C        D        E       F      G
               +--------+--------+--------+--------+--------+-----+--------+
         Total |  14331 |  13860 |    471 |   3319 |   3879 |  15 |  955.4 |
       Dungeon |  11611 |  11152 |    459 |   2406 |   3786 |  11 | 1055.5 |
        Temple |     31 |     19 |     12 |      0 |      0 |   1 |   31.0 |
       Ossuary |    833 |    833 |      0 |    135 |      0 |   1 |  833.0 |
        Bailey |   1315 |   1315 |      0 |    601 |     36 |   1 | 1315.0 |
      Gauntlet |    538 |    538 |      0 |    177 |     57 |   1 |  538.0 |
               +--------+--------+--------+--------+--------+-----+--------+

Top non-repeatable levels by time:
     D:2: 2000 daAuts
     D:8: 1973 daAuts
  Bailey: 1315 daAuts
     D:7: 1124 daAuts
     D:4: 1076 daAuts
     D:1: 1004 daAuts
     D:9: 1001 daAuts
     D:6: 998 daAuts
     D:5: 853 daAuts
 Ossuary: 833 daAuts
     D:3: 662 daAuts
    D:10: 632 daAuts
Gauntlet: 538 daAuts
    D:11: 282 daAuts
  Temple: 31 daAuts
